 Dungeon Crawl Stone Soup version 0.29.0-4-gdea44cf6ec (webtiles) character file.

Game seed: 4469875267553879602

67 qw the Chopper (level 4, -1/28 HPs)
             Began as a Gargoyle Fighter on Sept 9, 2022.
             Killed from afar by Sigmund (8 damage)
             ... with a bolt of dispelling energy
             ... on level 3 of the Dungeon.
             The game lasted 00:00:48 (2400 turns).

qw the Chopper (Gargoyle Fighter)                   Turns: 2400, Time: 00:00:49

Health: -1/28      AC: 11    Str: 22    XL:     4   Next: 18%
Magic:  4/4        EV:  9    Int: 11    God:
Gold:   170        SH:  4    Dex:  9    Spells: 3/3 levels left

rFire   . . .      SeeInvis .   r - +1 war axe (vamp)
rCold   . . .      Faith    .   c - +0 buckler
rNeg    + . .      Spirit   .   b - +0 scale mail
rPois   inf        Reflect  .   l - +0 helmet {Int+3}
rElec   +          Harm     .   (no cloak)
rCorr   .          Rampage  .   (no gloves)
Will    .....                   (no boots)
Stlth   ..........              (no amulet)
HPRegen 0.09/turn               (no ring)
MPRegen 0.09/turn               (no ring)

@: no status effects
A: sickness immunity, AC +3, negative energy resistance 1, electricity
resistance, torment resistance 1, petrification resistance
a: no special abilities


You were on level 3 of the Dungeon.
You visited 1 branch of the dungeon, and saw 3 of its levels.

You collected 170 gold pieces.


Innate Abilities, Weirdness & Mutations

You are immune to sickness and miasma.
Your stone body is resilient. (AC +3)
You are immune to poison.
You resist negative energy. (rN+)
You are resistant to electric shocks. (rElec)
You are resistant to unholy torment.
You are immune to petrification.


   Skills:
 - Level 3.2 Fighting
 + Level 3.6 Axes
 - Level 1.1 Throwing
 - Level 3.2 Armour
 - Level 3.2 Shields


You had 3 spell levels left.
You didn't know any spells.
Your spell library was empty.

Inventory:

Hand Weapons
 r - a +1 vampiric war axe (weapon)
 t - a +0 flail
Missiles
 p - 4 javelins (quivered)
Armour
 b - a +0 scale mail (worn)
 c - a +0 buckler (worn)
 l - a +0 helmet of intelligence (worn)
 q - a +0 pair of boots
Jewellery
 o - a ring of resist corrosion
Scrolls
 a - 4 scrolls of enchant armour {unknown}
 f - 3 scrolls of identify
 s - 3 scrolls of butterflies {unknown}
Potions
 d - a potion of might
 e - a potion of magic {unknown}
 g - a potion of heal wounds
 h - a potion of resistance
 i - a potion of curing {unknown}
 j - a potion of attraction {unknown}
 k - 2 potions of cancellation
 m - a potion of degeneration {unknown}
 n - a potion of berserk rage {unknown}

Dungeon Overview and Level Annotations

Branches:
Dungeon (3/15)

Altars:

Shops:
D:2 !

Annotations:
D:3 Sigmund


Message History

Something hits you but does no damage.
You're too confused to attack without stumbling around!
There is a strange disturbance nearby!
You hear some strange, mumbled words.
Something tries to affect you, but you resist.
You're too confused to attack without stumbling around!
There is a strange disturbance nearby!
Something hits you.
You're too confused to attack without stumbling around!
There is a strange disturbance nearby!
You're too confused to attack without stumbling around!
There is a strange disturbance nearby!
You feel less confused. Something hits you!
You barely miss something.
You hear some strange, mumbled words.
A magic dart appears from out of thin air!
The magic dart hits you!
You miss something. Something hits you but does no damage.
You slash something!
You feel better. Something hits you.
You barely miss something.
You hear some strange, mumbled words.
Something tries to affect you, but you resist.
You completely miss something. Something hits you.
You miss something.
You hear a zap.
A bolt of dispelling energy appears from out of thin air!
The bolt of dispelling energy misses you.
You slash something!
You feel better. Something hits you.
You closely miss something. Something hits you.
You closely miss something.
You hear a zap.
A bolt of dispelling energy appears from out of thin air!
The bolt of dispelling energy hits you!
You die...

###.##.#
#.#........
#......#
#.#########
#.#.#..# #.#
#.#....# #.# .
####.# #.# ##
#.# #.# #.#? ..#
#.#
##....########.#
......{@.$.....#
################


There were no monsters in sight!

Vanquished Creatures
  3 adders
  A worm (D:2)
  3 orcs (D:3)
  3 endoplasms
  A giant cockroach (D:2)
  A hobgoblin (D:3)
  5 kobolds
  A quokka (D:3)
  4 ball pythons
  6 bats
  2 frilled lizards
  5 goblins
  A rat (D:3)
36 creatures vanquished.

Notes
Turn   | Place    | Note
-------+----------+-------------------------------------------
     0 | D:1      | qw the Gargoyle Fighter began the quest for the Orb.
     0 | D:1      | Reached XP level 1. HP: 14/14 MP: 1/1
     0 | D:1      | 0 ||| qw: Version: 0.1-a-113-g051387a
     0 | D:1      | 0 ||| qw: Game counter: 7124
     0 | D:1      | 0 ||| qw: Always use a shield: true
     0 | D:1      | 0 ||| qw: God list: Okawaru
     0 | D:1      | 0 ||| qw: Allow faded altars: false
     0 | D:1      | 0 ||| qw: Do Orc after D:15 true
     0 | D:1      | 0 ||| qw: Do second Lair branch before Depths: true
     0 | D:1      | 0 ||| qw: Lair rune preference: random
     0 | D:1      | 0 ||| qw: Plans: Normal, Zot, God:TSO, Crypt, Tomb, Zig,
                  | Orb
     0 | D:1      | 0 ||| PLANNING D:1-11
   305 | D:1      | Reached XP level 2. HP: 19/19 MP: 2/2
   579 | D:1      | Found a faded altar of an unknown god.
   805 | D:1      | 805 ||| READING scroll labelled HAATIRPH YHOTEDGH.
   906 | D:1      | 906 ||| READING 2 scrolls labelled EKKAUL JONEENO.
   907 | D:1      | 907 ||| READING scroll labelled VACVUR JIRRUUM.
   908 | D:1      | 908 ||| DRINKING 2 green potions.
   909 | D:1      | 909 ||| DROPPING potion of brilliance.
   955 | D:2      | 955 ||| STAIRDANCE
  1173 | D:2      | Found Hijihaec's Distillery.
  1178 | D:2      | 1178 ||| SHOPLISTING 2 potions of haste (200 gold, have
                  | 52).
  1178 | D:2      | 1178 ||| SHOPLISTING potion of cancellation (80 gold, have
                  | 52).
  1178 | D:2      | 1178 ||| SHOPLISTING potion of mutation (80 gold, have 52).
  1420 | D:2      | Reached skill level 3 in Axes
  1420 | D:2      | Reached XP level 3. HP: 23/23 MP: 3/3
  1427 | D:2      | 1427 ||| DROPPING +0 whip.
  1789 | D:2      | 1789 ||| UPGRADING to +0 helmet of intelligence.
  1794 | D:2      | 1794 ||| DROPPING amulet of magic regeneration.
  1795 | D:2      | 1795 ||| DROPPING ring of flight.
  1796 | D:2      | 1796 ||| READING scroll labelled JYOCSITANY.
  1797 | D:2      | 1797 ||| READING scroll labelled NATSOQI ROMAG.
  1802 | D:2      | 1802 ||| DRINKING 2 orange potions.
  1803 | D:2      | 1803 ||| DRINKING 2 sedimented black potions.
  1804 | D:2      | 1804 ||| DRINKING 3 ruby potions.
  1843 | D:3      | Reached skill level 1 in Throwing
  1956 | D:3      | 1956 ||| Stepping ~*~*~tactically~*~*~ (stealth).
  1966 | D:3      | 1966 ||| SWAPPING to +1 vampiric war axe.
  1967 | D:3      | 1967 ||| DROPPING +2 whip of draining.
  1968 | D:3      | 1968 ||| DROPPING +0 war axe.
  2109 | D:3      | Reached XP level 4. HP: 28/28 MP: 4/4
  2304 | D:3      | 2304 ||| Stepping ~*~*~tactically~*~*~ (stealth).
  2375 | D:3      | Noticed Sigmund
  2381 | D:3      | HP: 6/28 [Sigmund/+0 scythe (8)]
  2382 | D:3      | 2382 ||| DRINKING 2 potions of heal wounds.
  2399 | D:3      | HP: 7/28 [something (5)]
  2400 | D:3      | Killed from afar by Sigmund

Levels and vault maps discovered:
D:1:      amcnicky_arrival_single_pillar, layout_loops_ring,
          shapermc_ecumenical_altar_hornbeckon
D:2:      layout_basic, serial_shops, nicolae_shop_stone, roderic_roman_lattice,
          dreamdust_princess_corridor
D:3:      layout_basic, uniq_sigmund

Skill      XL: |  1  2  3 |
---------------+----------+-----
Axes           | 2 3 |  3.6
Throwing       | 1 |  1.1
Fighting       | |  3.2
Armour         | |  3.2
Shields        | |  3.2

Action                   |  1- 3 |  4- 6 || total
-------------------------+-------+-------++-------
Melee: War axe           |    71 |    16 ||    87
Throw: Javelin           |    20 |     1 ||    21
  Use: Scroll            |     5 |       ||     5
       Potion            |     4 |     1 ||     5
Armor: Scale mail        |    51 |     6 ||    57
Dodge: Dodged            |    32 |     3 ||    35
Block: Buckler           |    16 |     1 ||    17

Table legend:
 A = Non-vault XP
 B = Vault XP
 C = Vault XP percentage of total XP
 D = Non-vault monster count
 E = Vault monster count
 F = Vault count percentage of total count
                 A         B        C        D         E       F
            +---------+---------+-------+---------+---------+-------
      Total |      97 |       0 |   0.0 |      36 |       0 |   0.0
            +---------+---------+-------+---------+---------+-------
        D:1 |      14 |       0 |   0.0 |      10 |       0 |   0.0
        D:2 |      35 |       0 |   0.0 |      13 |       0 |   0.0
        D:3 |      48 |       0 |   0.0 |      13 |       0 |   0.0
            +---------+---------+-------+---------+---------+-------
